 Dungeon Crawl Stone Soup version 0.28-a0-998-gb9e9c7b67e (webtiles) character file.

Game seed: 15284136129558767076

128 Peloso the Covered (level 4, -9/38 (41) HPs)
             Began as a Minotaur Fighter on Dec 6, 2021.
             Killed by nerve-wracking pain
             ... invoked by Grinder
              (14 damage)
             ... on level 3 of the Dungeon.
             The game lasted 00:02:52 (2327 turns).

Peloso the Covered (Minotaur Fighter)               Turns: 2327, Time: 00:02:52

HP:   -9/38 (41)    AC:  7    Str: 21    XL:     4   Next: 87%
MP:   3/3           EV: 10    Int:  5    God:
Gold: 83            SH:  4    Dex: 11    Spells: 3/3 levels left

rFire   . . .      SeeInvis .   a - +0 long sword
rCold   . . .      Faith    .   c - +0 buckler
rNeg    . . .      Spirit   .   b - +0 scale mail
rPois   .          Reflect  .   (helmet restricted)
rElec   .          Harm     .   (no cloak)
rCorr   .          Rampage  .   (no gloves)
Will    .....                   (no boots)
Stlth   ..........              (no amulet)
HPRegen 0.12/turn               (no ring)
MPRegen 0.08/turn               (no ring)

@: drained
A: horns 2, retaliatory headbutt
a: no special abilities


You were on level 3 of the Dungeon.
You visited 1 branch of the dungeon, and saw 3 of its levels.

You collected 83 gold pieces.

Inventory:

Hand Weapons
 a - a +0 long sword (weapon)
Armour
 b - a +0 scale mail (worn)
 c - a +0 buckler (worn)
Scrolls
 f - a scroll of teleportation
 h - a scroll of identify
 j - a scroll of fog {unknown}
 k - a scroll of noise {unknown}
 l - a scroll of immolation {unknown}
Potions
 d - a potion of might
 g - a potion of haste {unknown}
 i - 2 potions of curing
 m - a potion of heal wounds


   Skills:
 + Level 4.3 Fighting
 + Level 4.1 Long Blades
 + Level 4.6 Armour
 + Level 1.3 Dodging
 + Level 4.1 Shields


You had 3 spell levels left.
You didn't know any spells.
Your spell library contained the following spells:

 Spells                   Type           Power      Damage    Failure   Level
 Foxfire                  Conj/Fire      0%         2x1d4     80%         1
 Sublimation of Blood     Necr           0%         N/A       91%         2
 Wereblood                Tmut           0%         N/A       91%         2
 Conjure Flame            Conj/Fire      0%         6-21      99%         3
 Inner Flame              Hex/Fire       0%         N/A       99%         3
 Flame Wave               Conj/Fire      0%         2d4       100%        4
 Summon Hydra             Summ           0%         N/A       100%        7


Dungeon Overview and Level Annotations

Branches:
Dungeon (3/15)

Altars:

Annotations:
D:3 Grinder


Innate Abilities, Weirdness & Mutations

You have a pair of horns on your head.
You reflexively headbutt those who attack you in melee.


Message History

Drop what? 13/52 slots (_ for help) (? for menu, Esc to quit)
You drop a scroll of torment.
Your surroundings suddenly seem different.
Grinder comes into view.
Grinder shouts!
Grinder is nearby!
Grinder is nearby!
You barely miss Grinder. Grinder hits you but does no damage.
You hit Grinder but do no damage. You block Grinder's attack.
Sorry, you're not good enough to have a special ability.
Sorry, you're not good enough to have a special ability.
You slash Grinder! You headbutt Grinder!
Grinder is heavily wounded.
Grinder gestures at you.
You suddenly lose the ability to move!
Grinder hits you!
You writhe in agony.
Grinder gestures at you. Pain shoots through your body!
Grinder blinks!
You can move again.
Okay, then.
Unknown command.
Grinder gestures at you. Pain shoots through your body!
* * * LOW HITPOINT WARNING * * *
You hit Grinder.
Grinder is severely wounded.
Grinder gestures at you.
You suddenly lose the ability to move!
Grinder blinks!
You can move again.
You hit Grinder. Your headbutt misses Grinder.
Grinder is severely wounded.
Grinder hits you.
* * * LOW HITPOINT WARNING * * *
You writhe in agony.
* * * LOW HITPOINT WARNING * * *
You slash Grinder!
Grinder is almost dead.
Grinder gestures at you. Pain shoots through your body!
You die...

#.# .# #.# .#
#.# .#
#######.##.####.
................
#######.##.#####
............#
#####.#.##.##
#.#@# .#
.......5# .#
≈≈≈≈≈...# ..
≈≈####... ##
.##! .# ≈. . ≈.
# ≈≈.


You could see Grinder.

Vanquished Creatures
  Natasha (twice) (D:2)
  3 adders (D:2)
  2 dart slugs
  2 orcs (D:3)
  An endoplasm (D:1)
  2 giant cockroaches
  6 goblins
  7 hobgoblins
  3 jackals (D:2)
  A quokka (D:2)
  4 ball pythons
  5 bats
  2 frilled lizards
  6 kobolds
  2 rats (D:1)
48 creatures vanquished.

Vanquished Creatures (others)
  10 plants (D:2)
10 creatures vanquished.

Grand Total: 58 creatures vanquished

Notes
Turn   | Place    | Note
-------+----------+-------------------------------------------
     0 | D:1      | Peloso the Minotaur Fighter began the quest for the Orb.
     0 | D:1      | Reached XP level 1. HP: 19/19 MP: 0/0
   515 | D:1      | Reached XP level 2. HP: 27/27 MP: 1/1
   537 | D:1      | Found a faded altar of an unknown god.
  1247 | D:2      | Noticed Natasha
  1252 | D:2      | Killed Natasha
  1253 | D:2      | Reached XP level 3. HP: 33/33 MP: 2/2
  1390 | D:2      | Reached XP level 4. HP: 40/40 MP: 3/3
  1576 | D:2      | Noticed Natasha
  1581 | D:2      | Killed Natasha
  1582 | D:2      | Reached skill level 1 in Dodging
  2307 | D:3      | Noticed Grinder
  2310 | D:3      | Paralysed by Grinder for 6 turns
  2322 | D:3      | Paralysed by Grinder for 3 turns
  2327 | D:3      | Killed from afar by Grinder

Illustrated notes

Levels and vault maps discovered:
D:1:      dpeg_arrival_triangle_fractal, layout_basic, basic_ecumenical_altar,
          grunt_decor_resistance
D:2:      layout_loops_ring, serial_bayou_lagoon_a, nrook_uturn, uniq_natasha
D:3:      layout_basic, led_sif_book, zin_statuary, serial_aquarium,
          aquarium_bridge_long_joined [aquarium_subvault_bridge,
          aquarium_subvault_bridge, aquarium_subvault_bridge,
          aquarium_subvault_bridge, aquarium_subvault_bridge,
          aquarium_subvault_wall], aquarium_window_2, aquarium_window_1,
          aquarium_window_fake, aquarium_window_fake, aquarium_view_2a,
          aquarium_balcony_double_4, aquarium_pool_2, grunt_decor_junction,
          uniq_grinder

Skill      XL: |  1  2  3  4 |
---------------+-------------+-----
Armour         | 4 |  4.6
Fighting       | 4 |  4.3
Shields        | 4 |  4.1
Long Blades    | 3 4 |  4.1
Dodging        | 1 |  1.3

Action                   |  1- 3 |  4- 6 || total
-------------------------+-------+-------++-------
Melee: Long sword        |    71 |    43 ||   114
       Headbutt          |    13 |    10 ||    23
  Use: Potion            |     4 |       ||     4
       Scroll            |       |     2 ||     2
Armor: Scale mail        |    29 |    19 ||    48
Dodge: Dodged            |    47 |    25 ||    72
Block: Buckler           |    12 |     8 ||    20

Table legend: (Time is in decaauts)
 A = Elapsed time spent in this place.
 B = Non-inter-level travel time spent in this place.
 C = Inter-level travel time spent in this place.
 D = Time resting spent in this place.
 E = Time spent auto-exploring this place.
 F = Levels seen in this place.
 G = Mean time per level.
                   A        B        C        D        E       F      G
               +--------+--------+--------+--------+--------+-----+--------+
         Total |   2363 |   2307 |     56 |      0 |   1923 |   3 |  787.7 |
       Dungeon |   2363 |   2307 |     56 |      0 |   1923 |   3 |  787.7 |
               +--------+--------+--------+--------+--------+-----+--------+

Top non-repeatable levels by time:
     D:1: 1172 daAuts
     D:2: 919 daAuts
     D:3: 271 daAuts
